 Dungeon Crawl Stone Soup version 0.25.1-2-g60ff931 (webtiles) character file.

Game seed: 6861577282540228180

212 Fang the Shield-Bearer (level 5, -1/33 HPs)
             Began as a Gargoyle Fighter on Aug 28, 2020.
             Slain by a mummy (9 damage)
             ... in an ossuary.
             The game lasted 00:03:17 (2617 turns).

Fang the Shield-Bearer (Gargoyle Fighter)           Turns: 2617, Time: 00:03:17

Health: -1/33      AC: 13    Str: 21    XL:     5   Next: 89%
Magic:  5/5        EV:  5    Int:  8    God:
Gold:   266        SH:  9    Dex:  9    Spells: 4/4 levels left

rFire    . . .     SeeInvis .   a - +0 war axe
rCold    . . .     Gourm    .   f - +0 kite shield
rNeg     + . .     Faith    .   b - +0 chain mail
rPois    ∞         Spirit   .   (no helmet)
rElec    +         Reflect  .   (no cloak)
rCorr    .         Harm     .   (no gloves)
MR       .....                  (no boots)
Stlth    ..........             (no amulet)
HPRegen  0.11/turn              (no ring)
MPRegen  0.09/turn              (no ring)

@: no status effects
A: negative energy resistance 1, electricity resistance, unbreathing,
petrification resistance, rot immunity, AC +4
a: no special abilities


You were in an ossuary.
You were not hungry.

You visited 1 branch of the dungeon, and saw 4 of its levels.
You also visited: Ossuary.

You collected 266 gold pieces.

Inventory:

Hand Weapons
 a - a +0 war axe (weapon)
Armour
 b - a +0 chain mail (worn)
 f - a +0 kite shield (worn)
Wands
 i - a wand of random effects (17)
Scrolls
 e - 4 scrolls of identify {unknown}
 g - 4 scrolls of remove curse {unknown}
 j - a scroll of teleportation {unknown}
 m - a scroll of immolation {unknown}
 n - a scroll of enchant armour {unknown}
 p - a scroll of random uselessness {unknown}
 r - 2 scrolls of magic mapping {unknown}
Potions
 d - 2 potions of might
 h - a potion of heal wounds {unknown}
 k - a potion of invisibility {unknown}
 l - 3 potions of curing {unknown}
 o - a potion of brilliance {unknown}
 q - 2 potions of resistance {unknown}
Comestibles
 c - 5 rations


   Skills:
 + Level 3.8 Fighting
 + Level 4.0 Axes
 + Level 4.0 Armour
 + Level 0.1 Dodging
 + Level 4.4 Shields


You had 4 spell levels left.
You didn't know any spells.
Your spell library contained the following spells:

 Spells                   Type           Power        Failure   Level  Hunger
 Magic Dart               Conj           #...         100%        1    ##.....
 Blink                    Tloc           N/A          100%        2    ###....
 Call Imp                 Summ           #.......     100%        2    ###....
 Slow                     Hex            #.......     100%        2    ###....
 Conjure Flame            Conj/Fire      #.......     100%        3    ####...
 Mephitic Cloud           Conj/Pois/Air  #.......     100%        3    ####...


Dungeon Overview and Level Annotations

Branches:
Dungeon (4/15)            Ossuary (1/1)
 Temple: D:4-7

Altars:


Innate Abilities, Weirdness & Mutations

You are resistant to torment.
Your stone body is resilient. (AC +4)
You are immune to poison.
You resist negative energy. (rN+)
You are resistant to electric shocks. (rElec)
You can survive without breathing.
You are immune to petrification.
You are immune to rotting.


Message History

The mummy is severely damaged.
You barely miss the mummy. The mummy hits you!
You are too injured to fight recklessly!
You are too injured to fight recklessly!
You are too injured to fight recklessly!
You are too injured to fight recklessly!
You are too injured to fight recklessly!
You are too injured to fight recklessly!
You are too injured to fight recklessly!
You are too injured to fight recklessly!
You are too injured to fight recklessly!
You are too injured to fight recklessly!
You are too injured to fight recklessly!
You closely miss the mummy.
The mummy is lightly damaged.
Your shield and chain mail prevent you from hitting the mummy.
The mummy hits you.
* * * LOW HITPOINT WARNING * * *
The mummy hits you!
You die...

...........
.........
........
......
#....#
#..Z.#
#.MM.#
#..@.#
#....#
#....#
#....#
#....#
#.∩∩.#
######


You could see 2 mummies and an orc zombie.

Vanquished Creatures
  Blork the orc (D:4)
  3 adders
  An ooze (D:1)
  3 worms (D:3)
  2 dart slugs
  5 leopard geckos
  2 orcs
  A ball python (D:1)
  4 giant cockroaches
  13 goblins
  13 hobgoblins
  5 jackals (D:3)
  6 kobolds
  3 quokkas
  10 bats
  2 frilled lizards (D:3)
  3 kobold zombies (Ossuary)
  An orc zombie (Ossuary)
  9 rats
87 creatures vanquished.

Notes
Turn   | Place    | Note
-------+----------+-------------------------------------------
     0 | D:1      | Fang the Gargoyle Fighter began the quest for the Orb.
     0 | D:1      | Reached XP level 1. HP: 14/14 MP: 1/1
   259 | D:1      | Reached XP level 2. HP: 12/19 MP: 2/2
   772 | D:1      | Reached XP level 3. HP: 22/23 MP: 3/3
  1211 | D:2      | Reached XP level 4. HP: 19/28 MP: 4/4
  1906 | D:3      | Reached XP level 5. HP: 32/32 MP: 5/5
  2558 | D:4      | Found a sand-covered staircase.
  2569 | D:4      | Noticed Blork the orc
  2584 | D:4      | Killed Blork the orc
  2592 | Ossuary  | Entered an ossuary
  2617 | Ossuary  | Slain by a mummy

Illustrated notes

Levels and vault maps discovered:
D:1:      dpeg_chamrin_arrival_tetris, layout_basic
D:2:      layout_rooms
D:3:      layout_rooms
D:4:      layout_layer_cave, enter_ossuary_1, uniq_ijyb, uniq_menkaure,
          uniq_blork_the_orc
Ossuary:  ossuary_tomb_3

Skill      XL: |  1  2  3  4  5 |
---------------+----------------+-----
Axes           | 2 3 4 |  4.0
Shields        | 4 |  4.4
Armour         | 4 |  4.0
Fighting       | |  3.8
Dodging        | |  0.1

Action                   |  1- 3 |  4- 6 || total
-------------------------+-------+-------++-------
Melee: War axe           |   148 |   190 ||   338
  Eat: Chunk             |     1 |     5 ||     6
Armor: Scale mail        |    39 |       ||    39
       Chain mail        |    88 |   123 ||   211
Dodge: Dodged            |    66 |    44 ||   110
Block: Kite shield       |   103 |   102 ||   205
